 Dungeon Crawl Stone Soup version 0.23.2-33-g5129a83184 (webtiles) character file.

Game seed: 2933049001605563596

21517 FishyPogo the Grappler (level 12, -6/133 HPs)
             Began as a Troll Monk on July 31, 2019.
             Was a High Priest of Wu Jian.
             Mangled by an orc warrior
             ... wielding a +0 trident
             ... led by an orc knight
              (22 damage)
             ... on level 1 of the Orcish Mines.
             The game lasted 01:16:09 (11622 turns).

FishyPogo the Grappler (Troll Monk)                Turns: 11622, Time: 01:16:10

Health: -6/133     AC: 10    Str: 26    XL:     12   Next: 54%
Magic:  11/11      EV: 10    Int:  6    God:    Wu Jian [*****.]
Gold:   942        SH:  3    Dex: 12    Spells: 11/11 levels left

rFire    . . .     SeeInvis .     - Unarmed
rCold    . . .     Gourm    +   (no shield)
rNeg     . . .     Faith    .   a - +0 robe
rPois    .         Spirit   .   (helmet restricted)
rElec    .         Reflect  +   O - scarf {repulsion}
rCorr    .         Harm     .   (gloves unavailable)
MR       +....                  (boots unavailable)
Stlth    ++........             X - +3 amulet of reflection
HPRegen  0.72/turn              t - ring of protection from magic
MPRegen  0.12/turn              w - +4 ring of protection

@: about to teleport, repel missiles
A: large, unfitting armour, claws 3, fast metabolism 3, gourmand, regeneration
1, shaggy fur 1, tough skin 3
a: Wall Jump, Serpent's Lash, Heavenly Storm, Renounce Religion


You were on level 1 of the Orcish Mines.
You worshipped Wu Jian.
Wu Jian was extremely pleased with you.
You were very full.

You visited 4 branches of the dungeon, and saw 15 of its levels.

You collected 942 gold pieces.

Inventory:

Hand Weapons
 S - a +1 longbow of flaming
Missiles
 f - 661 stones (quivered)
 u - 9 tomahawks
 J - a throwing net
Armour
 a - a +0 robe (worn)
 s - a +0 cloak of invisibility
 M - a +2 cloak
 O - a scarf of repulsion (worn)
Jewellery
 t - a ring of protection from magic (left claw)
 w - a +4 ring of protection (right claw)
 F - an uncursed ring of protection from cold
 P - an uncursed ring of stealth
 Q - a +1 ring of evasion
 T - an uncursed ring of protection from magic
 X - a +3 amulet of reflection (around neck)
Wands
 A - a wand of acid (9)
 E - a wand of flame (44)
 K - a wand of iceblast (8)
 N - a wand of enslavement (12)
 Y - a wand of disintegration (18)
 Z - a wand of paralysis (9)
Scrolls
 c - 4 scrolls of magic mapping {unknown}
 d - 5 scrolls of fear {unknown}
 i - 9 scrolls of identify
 k - 2 scrolls of noise {unknown}
 n - 7 scrolls of teleportation
 x - 9 scrolls of remove curse
 y - 5 scrolls of enchant weapon
 C - a scroll of silence {unknown}
 D - a scroll of amnesia {unknown}
 H - 2 scrolls of fog
 I - 2 scrolls of blinking {unknown}
 L - 3 scrolls of enchant armour {unknown}
 R - a scroll of immolation {unknown}
 U - a scroll of brand weapon {unknown}
Potions
 e - 3 potions of degeneration {unknown}
 g - 2 potions of agility {unknown}
 h - a potion of ambrosia
 j - a potion of resistance {unknown}
 l - 2 potions of flight {unknown}
 m - 2 potions of berserk rage {unknown}
 o - 2 potions of curing {unknown}
 p - 2 potions of lignification {unknown}
 q - 2 potions of brilliance {unknown}
 r - 4 potions of cancellation {unknown}
 v - 2 potions of might {unknown}
 z - 4 potions of heal wounds {unknown}
 B - a potion of mutation {unknown}
 G - 5 potions of invisibility {unknown}
 V - a potion of magic {unknown}
Comestibles
 b - 21 rations
 W - 5 chunks of flesh


   Skills:
 * Level 12.5 Fighting
 - Level 2.6 Dodging
 - Level 1.0 Stealth
 * Level 14.6 Unarmed Combat


You had 11 spell levels left.
You didn't know any spells.
Your spell library contained the following spells:

 Spells                   Type           Power        Failure   Level  Hunger
 Infusion                 Chrm           #...         45%         1    ##.....
 Summon Butterflies       Summ           #.......     45%         1    ##.....
 Summon Small Mammal      Summ           #...         45%         1    ##.....
 Shroud of Golubria       Chrm/Tloc      #.........   58%         2    ###....
 Song of Slaying          Chrm           #.......     58%         2    ###....
 Throw Frost              Conj/Ice       #.....       58%         2    ###....
 Regeneration             Chrm/Necr      #.........   83%         3    ####...
 Spectral Weapon          Hex/Chrm       #.......     83%         3    ####...
 Summon Guardian Golem    Hex/Summ       #.......     83%         3    ####...
 Aura of Abjuration       Summ           #.........   100%        5    ######.
 Freezing Cloud           Conj/Ice/Air   #.........   100%        6    #######


Dungeon Overview and Level Annotations

Branches:
Dungeon (12/15)            Temple (1/1) D:7            Lair (1/6) D:11
    Orc (1/2) D:12

Altars:
Ashenzari
Dithmenos
Elyvilon
Fedhas
Gozag
Makhleb
Nemelex Xobeh
Okawaru
Qazlal
Ru
Wu Jian
Xom

Shops:
D:7 }   D:10 ?:***   D:11 ?

Annotations:
D:2 bullfrog
D:10 exclusion: oklob plant


Innate Abilities, Weirdness & Mutations

You are too large for most types of armour.
You have claws for hands.
Your metabolism is lightning-fast.
You like to eat raw meat.
Your natural rate of healing is unusually fast.
You are covered in fur. (AC +1)
You have extremely tough skin. (AC +3)


Message History

Aiming: Throw Flame
Press: ? - help, Shift-Dir - straight line The puff of flame misses the orc knight.
The orc warrior hits you with a +0 trident!
* * * LOW HITPOINT WARNING * * *
You claw the orc knight!
The orc knight is heavily wounded.
The orc knight roars a battlecry!
The orc warrior goes into a battle-frenzy!
You claw the orc knight!
The orc knight is severely wounded.
The orc warrior hits you but does no damage.
The orc knight hits you with a +3 bardiche of freezing!
* * * LOW HITPOINT WARNING * * *
The orc knight freezes you.
* * * LOW HITPOINT WARNING * * *
As you read the scroll labeled YGRYMA ZUHAY, it crumbles to dust.
You feel strangely unstable.
It was a scroll of teleportation.
The orc warrior hits you with a +0 trident!!
You die...

### ##.###
#..#.##
##)<...##
#.)@....#
##.oo#.##
.......##
#........#
#..........
$.....#......
.......##......
....#.. ......


You could see an orc knight and an orc warrior.

Vanquished Creatures
  Nessos (D:12)
  Josephine (D:10)
  Erolcha (D:12)
  3 death yaks (D:11)
  2 two-headed ogres (D:10)
  Pikel (D:5)
  A centaur zombie (D:12)
  A centaur skeleton (D:11)
  3 komodo dragons (Lair:1)
  A troll (D:10)
  10 slime creatures
  2 hippogriffs
  A vampire (D:10)
  A shadow (D:12)
  3 wraiths (D:10)
  2 wyverns
  21 yaks
  A warg (D:12)
  4 water moccasins
  3 porcupines (Lair:1)
  9 orc warriors
  A sky beast (D:6)
  3 black bears
  3 ice beasts
  A phantom (D:4)
  9 centaurs
  8 ogres
  A crocodile (Lair:1)
  A big kobold (D:8)
  11 bullfrogs
  A gnoll sergeant (D:6)
  3 scorpions
  5 wights (D:9)
  4 killer bees (D:10)
  8 howler monkeys
  5 crimson imps
  A bullfrog zombie (D:12)
  8 hounds
  Crazy Yiuf (D:7)
  8 orc priests
  2 bullfrog skeletons (D:12)
  2 jellies
  13 iguanas
  14 orc wizards
  13 worker ants
  2 hound zombies
  3 hound skeletons
  A worker ant zombie (D:9)
  12 gnolls
  11 adders
  3 shadow imps
  An adder zombie (D:6)
  2 worms
  3 dart slugs
  8 leopard geckos
  60 orcs
  11 bats
  5 giant cockroaches
  7 hobgoblins (D:1)
  10 jackals
  4 quokkas
  9 frilled lizards
  6 goblins
  A jackal skeleton (D:6)
  17 kobolds
  A quokka skeleton (D:4)
  A quokka zombie (D:6)
  5 rats
  A fungus (D:10)
382 creatures vanquished.

Vanquished Creatures (others)
  A sky beast (D:5)
  4 orcs (D:5)
5 creatures vanquished.

Grand Total: 387 creatures vanquished

Notes
Turn   | Place    | Note
-------+----------+-------------------------------------------
     0 | D:1      | FishyPogo the Troll Monk began the quest for the Orb.
     0 | D:1      | Reached XP level 1. HP: 22/22 MP: 0/0
   104 | D:1      | Reached XP level 2. HP: 26/29 MP: 1/1
   479 | D:1      | Reached XP level 3. HP: 34/36 MP: 2/2
  1116 | D:2      | Found a shattered altar of Ashenzari.
  1194 | D:2      | Noticed a bullfrog
  1211 | D:2      | Killed a bullfrog
  1211 | D:2      | Reached skill level 4 in Unarmed Combat
  1211 | D:2      | Reached XP level 4. HP: 30/45 MP: 3/3
  1442 | D:2      | Found a blossoming altar of Fedhas.
  1537 | D:3      | Reached XP level 5. HP: 38/53 MP: 4/4
  1897 | D:3      | Reached skill level 5 in Unarmed Combat
  1934 | D:3      | Reached XP level 6. HP: 51/62 MP: 5/5
  2237 | D:4      | Reached XP level 7. HP: 71/71 MP: 6/6
  2324 | D:4      | Reached skill level 6 in Unarmed Combat
  2428 | D:4      | Reached skill level 5 in Fighting
  2982 | D:5      | Entered Level 5 of the Dungeon
  3140 | D:5      | Noticed Pikel
  3160 | D:5      | Killed Pikel
  3160 | D:5      | Reached skill level 7 in Unarmed Combat
  3160 | D:5      | Reached XP level 8. HP: 4/83 MP: 7/7
  3802 | D:6      | Found a sparkling altar of Nemelex Xobeh.
  4094 | D:6      | Reached skill level 8 in Unarmed Combat
  4638 | D:7      | Reached XP level 9. HP: 80/93 MP: 8/8
  4649 | D:7      | Reached skill level 9 in Unarmed Combat
  4934 | D:7      | Found Deckodar's Gadget Boutique.
  4974 | D:7      | Found a staircase to the Ecumenical Temple.
  4988 | Temple   | Entered the Ecumenical Temple
  5079 | Temple   | Became a worshipper of the Wu Jian Council
  5079 | Temple   | Reached * piety under Wu Jian
  5079 | Temple   | Reached ** piety under Wu Jian
  5183 | D:7      | Found a runed translucent door.
  5184 | D:7      | Noticed Crazy Yiuf
  5190 | D:7      | Killed Crazy Yiuf
  5397 | D:7      | Reached skill level 10 in Unarmed Combat
  5739 | D:8      | Found a shattered altar of Ashenzari.
  5745 | D:8      | Reached XP level 10. HP: 95/106 MP: 9/9
  6095 | D:9      | Found a white marble altar of Elyvilon.
  6165 | D:9      | Found an iron altar of Okawaru.
  6219 | D:9      | Identified the Grimoire of the Supportive Frostbite
  6268 | D:9      | Reached *** piety under Wu Jian
  6268 | D:9      | Reached skill level 11 in Unarmed Combat
  7242 | D:10     | Entered Level 10 of the Dungeon
  7632 | D:10     | Found Butaoc's General Store.
  7659 | D:10     | Reached skill level 10 in Fighting
  7688 | D:10     | Found Xoqossa's General Store.
  7701 | D:10     | Reached **** piety under Wu Jian
  7707 | D:10     | Noticed Josephine
  7716 | D:10     | Killed Josephine
  7716 | D:10     | Reached skill level 12 in Unarmed Combat
  7724 | D:10     | Reached XP level 11. HP: 46/119 MP: 10/10
  7918 | D:10     | Noticed a two-headed ogre
  7921 | D:10     | Found Lunexoom's General Store.
  7927 | D:10     | Killed a two-headed ogre
  8027 | D:10     | Noticed a two-headed ogre
  8031 | D:10     | Found Hojuehet's Book Emporium.
  8032 | D:10     | Found Poklud's Magic Scroll Shoppe.
  8037 | D:10     | Killed a two-headed ogre
  8154 | D:10     | Found a blossoming altar of Fedhas.
  8173 | D:10     | Noticed an oklob plant
  8763 | D:11     | Found Loustiac's Magic Scroll Boutique.
  8920 | D:11     | Noticed a death yak
  8922 | D:11     | Found a staircase to the Lair.
  8969 | D:11     | Killed a death yak
  8983 | D:11     | Noticed a death yak
  9004 | D:11     | Reached skill level 13 in Unarmed Combat
  9005 | D:11     | Noticed a death yak
  9016 | D:11     | Killed a death yak
  9025 | D:11     | Killed a death yak
  9138 | D:11     | Found a sparkling altar of Nemelex Xobeh.
  9697 | Lair:1   | Entered Level 1 of the Lair of Beasts
  9924 | Lair:1   | Reached ***** piety under Wu Jian
 10047 | Lair:1   | Reached XP level 12. HP: 106/131 MP: 11/11
 10157 | Lair:1   | Noticed a seven-headed hydra
 10491 | D:12     | Noticed Erolcha
 10502 | D:12     | Reached skill level 14 in Unarmed Combat
 10844 | D:12     | Noticed Nessos
 10848 | D:12     | Killed Nessos
 10977 | D:12     | Found a staircase to the Orcish Mines.
 11142 | D:12     | Killed Erolcha
 11589 | Orc:1    | Entered Level 1 of the Orcish Mines
 11622 | Orc:1    | Mangled by an orc warrior

Skill      XL: |  1  2  3  4  5  6  7  8  9 10 11 12 |
---------------+-------------------------------------+-----
Fighting       | 3 4 6 7 8 10 11 12 | 12.5
Unarmed Combat | 4 5 7 8 10 12 13 14 | 14.6
Dodging        | |  2.6
Stealth        | |  1.0

Action                   |  1- 3 |  4- 6 |  7- 9 | 10-12 || total
-------------------------+-------+-------+-------+-------++-------
Melee: Unarmed           |    56 |   167 |   321 |   600 ||  1144
       Punch             |     1 |     1 |    17 |    47 ||    66
Throw: Stone             |     1 |    14 |    48 |    22 ||    85
Invok: Whirlwind         |       |       |    12 |    59 ||    71
       Lunge             |       |       |     9 |    66 ||    75
       Serpent's Lash    |       |       |       |     1 ||     1
 Abil: Wall Jump         |       |       |     2 |     5 ||     7
Evoke: Wand              |       |       |       |     1 ||     1
  Use: Scroll            |       |     2 |     1 |     5 ||     8
       Potion            |       |       |       |     1 ||     1
 Stab: Sleeping          |     1 |     1 |     1 |     5 ||     8
       Distracted        |       |       |       |     2 ||     2
  Eat: Chunk             |    12 |    14 |    32 |    53 ||   111
Armor: Robe              |    26 |    70 |   112 |   123 ||   331
Dodge: Dodged            |    28 |    79 |   137 |   170 ||   414
       Deflected         |       |       |       |     7 ||     7
Block: Other             |       |       |       |     4 ||     4
       Reflection        |       |       |       |     1 ||     1
